 Dungeon Crawl Stone Soup version 0.21-a0-380-gd65dc97 (webtiles) character file.

260 Kavrick the Caller (level 5, -18/28 HPs)
             Began as a Deep Elf Summoner on Oct 18, 2017.
             Killed from afar by Ijyb (20 damage)
             ... with a wand of lightning (?/15)
             ... on level 3 of the Dungeon.
             The game lasted 00:10:44 (3867 turns).

Kavrick the Caller (Deep Elf Summoner)              Turns: 3867, Time: 00:10:45

Health: -18/28     AC:  2    Str:  5    XL:     5   Next: 95%
Magic:  7/14       EV: 13    Int: 21    God:
Gold:   128        SH:  0    Dex: 15    Spells: 2/13 levels left

rFire    . . .     SeeInvis .   p - +0 spear
rCold    . . .     Gourm    .   (no shield)
rNeg     . . .     Faith    .   a - +0 robe
rPois    .         Spirit   .   (no helmet)
rElec    .         Reflect  .   (no cloak)
rCorr    .         Harm     .   (no gloves)
MR       .....                  (no boots)
Stlth    ++........             (no amulet)
HPRegen  0.09/turn              (no ring)
MPRegen  0.14/turn              (no ring)

@: very slightly contaminated
A: no striking features
a: no special abilities


You were on level 3 of the Dungeon.
You were not hungry.

You visited 1 branch of the dungeon, and saw 3 of its levels.

You collected 128 gold pieces.

Inventory:

Hand Weapons
 e - a +1 dagger of electrocution
 p - a +0 spear (weapon)
Armour
 a - a +0 robe (worn)
Jewellery
 o - a +4 ring of strength {unknown}
Wands
 y - a wand of confusion (13/48)
Scrolls
 f - a scroll of enchant armour {unknown}
 g - a scroll of recharging {unknown}
 h - a scroll of fear {unknown}
 i - a scroll of random uselessness {unknown}
 j - a scroll of amnesia {unknown}
 n - a scroll of noise {unknown}
 q - a scroll of blinking {unknown}
 r - a scroll of fog {unknown}
 s - 2 scrolls of remove curse {unknown}
 t - a scroll of teleportation {unknown}
 u - a scroll of identify {unknown}
 x - a scroll of enchant weapon {unknown}
Potions
 d - 3 potions of heal wounds {unknown}
 l - a potion of cancellation {unknown}
 m - a potion of might {unknown}
 v - 2 potions of lignification {unknown}
 z - a potion of degeneration {unknown}
 B - a potion of curing {unknown}
Books
 b - a book of Callings

   Spells                             Type                      Level
   a - Summon Small Mammal            Summoning                    1
   b - Call Imp                       Summoning                    2
   c - Call Canine Familiar           Summoning                    3
   d - Summon Guardian Golem          Hexes/Summoning              3
   e - Summon Lightning Spire         Summoning/Air                4
   f - Summon Ice Beast               Ice/Summoning                4
Comestibles
 c - a bread ration
 k - 3 fruits
 w - 4 chunks of flesh
 A - a meat ration


   Skills:
 - Level 2.4 Dodging
 - Level 2.4 Stealth
 + Level 4.9 Spellcasting
 * Level 6.5 Summonings
 + Level 1.8 Ice Magic
 + Level 1.5 Air Magic


You had 2 spell levels left.
You knew the following spells:

 Your Spells              Type           Power        Failure   Level  Hunger
a - Summon Small Mammal   Summ           ####         1%          1    None
b - Call Imp              Summ           ####....     1%          2    None
c - Summon Lightning Spi  Summ/Air       ###.....     21%         4    ####...
d - Summon Ice Beast      Ice/Summ       ###.....     19%         4    ####...


Dungeon Overview and Level Annotations

Branches:
Dungeon (3/15)

Altars:

Annotations:
D:3 Ijyb


Message History

Your white imp gestures at Ijyb.
The puff of frost hits Ijyb.
Ijyb zaps a wand.
The bolt of lightning hits the goblin.
The goblin dies!
The bolt of lightning misses you.
Your bat misses the goblin.
Your white imp hits Ijyb but does no damage.
Your bat hits Ijyb but does no damage. Ijyb hits your bat.
Your bat dies!
Your bat's corpse disappears in a puff of smoke!
Casting: Summon Small Mammal
Confirm with . or Enter, or press ? or * to list all spells.
A beastly little devil appears in a puff of flame.
Your white imp hits Ijyb but does no damage.
Your white imp hits Ijyb but does no damage.
Ijyb zaps a wand.
The bolt of lightning hits the goblin.
The goblin dies!
The bolt of lightning hits you!
Ouch! That really hurt!
You die...

... ####### (....
#.....######### .....
#.....##......##.....
#(...@#.5......#.....
#...................
#...............#
#...............#
#.......†..(....#
#.....)..)...<..#
#.....#........##
#.....#..5g....##
###.##..........##


You could see Ijyb and a friendly white imp.

Vanquished Creatures
  An orc wizard (D:3)
  A leopard gecko (D:2)
  2 orcs (D:3)
  3 bats
  2 goblins (D:2)
  A hobgoblin (D:2)
10 creatures vanquished.

Vanquished Creatures (collateral kills)
  The ghost of anet the Magician, an amateur DEWz (D:3)
  An ice beast (D:3)
  An orc priest (D:3)
  Terence (D:2)
  Robin (D:2)
  3 gnolls (D:3)
  3 adders (D:2)
  An ooze (D:1)
  4 dart slugs
  A leopard gecko (D:1)
  4 orcs (D:3)
  3 giant cockroaches
  18 goblins
  11 hobgoblins
  2 jackals (D:1)
  2 quokkas
  12 bats
  2 frilled lizards (D:1)
  4 kobolds
  14 rats
89 creatures vanquished.

Vanquished Creatures (others)
  2 goblins (D:3)
2 creatures vanquished.

Grand Total: 101 creatures vanquished

Notes
Turn   | Place    | Note
-------+----------+-------------------------------------------
     0 | D:1      | Kavrick the Deep Elf Summoner began the quest for the Orb.
     0 | D:1      | Reached XP level 1. HP: 10/10 MP: 6/6
   139 | D:1      | Reached XP level 2. HP: 15/15 MP: 4/8
   186 | D:1      | Learned a level 2 spell: Call Imp
   794 | D:1      | Reached skill level 5 in Summonings
  1162 | D:2      | Noticed Robin
  1170 | D:2      | Reached XP level 3. HP: 17/19 MP: 6/10
  1180 | D:2      | Killed Robin
  1999 | D:2      | Noticed Terence
  2022 | D:2      | Killed Terence
  2022 | D:2      | Reached XP level 4. HP: 23/24 MP: 0/12
  2119 | D:2      | Learned a level 4 spell: Summon Lightning Spire
  2214 | D:2      | Learned a level 4 spell: Summon Ice Beast
  3171 | D:3      | Noticed anet's ghost (amateur DEWz)
  3183 | D:3      | Reached skill level 6 in Summonings
  3183 | D:3      | Reached skill level 1 in Ice Magic
  3186 | D:3      | Reached XP level 5. HP: 13/28 MP: 1/13
  3202 | D:3      | Killed anet's ghost
  3202 | D:3      | Reached skill level 1 in Air Magic
  3532 | D:3      | Noticed an ice beast
  3551 | D:3      | Killed an ice beast
  3850 | D:3      | Noticed Ijyb
  3852 | D:3      | HP: 1/28 [Ijyb/wand of lightning (?/15) (27)]
  3867 | D:3      | Killed from afar by Ijyb

Vault maps used:
D:1:      dpeg_arrival_ratfight
D:2:      cheibrodos_old_hovel, uniq_terence, uniq_robin
D:3:      kennysheep_the_goblin_king, first_bread

Skill      XL: |  1  2  3  4  5 |
---------------+----------------+-----
Summonings     | 5 6 |  6.5
Spellcasting   | 4 |  4.9
Ice Magic      | 1 |  1.8
Air Magic      | 1 |  1.5
Dodging        | |  2.4
Stealth        | |  2.4

Action                   |  1- 3 |  4- 6 || total
-------------------------+-------+-------++-------
Melee: Dagger            |     5 |       ||     5
       Spear             |       |    47 ||    47
 Cast: Summon Small Mamm |    16 |     8 ||    24
       Call Imp          |    56 |    55 ||   111
 Stab: Distracted        |       |     1 ||     1
  Eat: Chunk             |     5 |     6 ||    11
Armor: Robe              |    11 |     9 ||    20
Dodge: Dodged            |    25 |    32 ||    57

Table legend:
 A = Spawn XP
 B = Non-spawn XP
 C = Spawn XP percentage of total XP
 D = Spawn monster count
 E = Non-spawn monster count
 F = Spawn count percentage of total count
 G = Total turns spent on level
                    A         B        C        D         E        F      G
               +---------+---------+-------+---------+---------+-------+---------
         Total |       0 |     372 |   0.0 |       0 |      99 |   0.0 |  3867
               +---------+---------+-------+---------+---------+-------+---------
           D:1 |       0 |      35 |   0.0 |       0 |      29 |   0.0 |  1051
           D:2 |       0 |      97 |   0.0 |       0 |      47 |   0.0 |  2062
           D:3 |       0 |     240 |   0.0 |       0 |      23 |   0.0 |   754
               +---------+---------+-------+---------+---------+-------+---------
